AoeStats
← FESHI21

Nomad

510868724Analyzed
2v2 RM · 1d ago on Oct 2, 2026· 26m 1s· 4 players
Game mode
Random Map
Map size
176×176
Population
200
Speed
Normal
Resources
Standard
Victory
Conquest
Starting age
Dark Age
Ending age
Imperial Age
RankedLock teamsTeams togetherTeam positionsShared explorationLock speedFull tech treeHidden civsTurbo modeCheats
Victory
Defeat
🇸🇰 Huns · Slovakia
959
+18
🇪🇸 Spanish · Spain
958
+18
🇦🇷 Wu · Argentina
1013
-18
🇦🇷 Persians · Argentina
992
-18
Boni_5
7:05 Loom
13:34 Feudal Age
14:07 Horse Collar
14:18 Double-Bit Axe
19:29 Bloodlines
22:43 Castle Age
20:40 Stone Mining
21:11 Fishing Lines
21:59 Forging
22:09 Gold Mining
24:49 Heavy Plow
25:02 Bow Saw
25:45 Husbandry
FESHI21
4:09 Loom
5:07 Loom
5:44 Loom
15:29 Feudal Age
20:21 Castle Age
18:04 Fishing Lines
21:15 Medium Warships
24:17 Wheelbarrow
25:26 Hand Cart
24:57 Town Watch
26:11 Fletching
26:25 Husbandry
26:35 Bloodlines
26:28 Padded Archer Armor
26:56 Ballistics
26:47 Masonry
26:33 Murder Holes
Predatory Shadow
3:35 Loom
14:25 Feudal Age
14:54 Double-Bit Axe
16:40 Fishing Lines
17:42 Town Watch
23:23 Wheelbarrow
23:24 Gold Mining
23:25 Stone Mining
Pancito
10:42 Loom
15:07 Feudal Age
15:49 Double-Bit Axe
19:29 Fishing Lines
22:03 Gold Mining
27:23 Castle Age
26:34 Bloodlines
Connection lost

Rejoining the realm…

Still unreachable

The connection could not be restored.

Session expired

The server has moved on; the page needs a fresh start.